 Dungeon Crawl Stone Soup version 0.23.1 (webtiles) character file.

Game seed: 13349726599408063218

81 Marnok the Covered (level 4, -2/35 HPs)
             Began as a Human Fighter on Mar 6, 2019.
             Killed by nerve-wracking pain
             ... invoked by a shadow imp
             ... summoned by Natasha
              (12 damage)
             ... on level 2 of the Dungeon.
             The game lasted 00:05:47 (1530 turns).

Marnok the Covered (Human Fighter)                  Turns: 1530, Time: 00:05:47

Health: -2/35      AC:  9    Str: 17    XL:     4   Next: 68%
Magic:  4/4        EV:  7    Int:  9    God:
Gold:   86         SH:  9    Dex: 12    Spells: 3/3 levels left

rFire    . . .     SeeInvis .   a - +0 war axe
rCold    . . .     Gourm    .   c - +0 shield
rNeg     . . .     Faith    .   b - +0 scale mail
rPois    .         Spirit   .   (no helmet)
rElec    .         Reflect  .   (no cloak)
rCorr    .         Harm     .   h - +0 pair of gloves
MR       .....                  o - +0 pair of boots
Stlth    ..........             (no amulet)
HPRegen  0.11/turn              (no ring)
MPRegen  0.09/turn              (no ring)

@: slowed, very slow
A: no striking features
a: no special abilities


You were on level 2 of the Dungeon.
You were not hungry.

You visited 1 branch of the dungeon, and saw 3 of its levels.

You collected 86 gold pieces.

Inventory:

Hand Weapons
 a - a +0 war axe (weapon)
 m - a +1 dagger of venom
Armour
 b - a +0 scale mail (worn)
 c - a +0 shield (worn)
 h - a +0 pair of gloves (worn)
 i - a +0 chain mail
 o - a +0 pair of boots (worn)
Jewellery
 l - a +3 ring of evasion {unknown}
Scrolls
 g - a scroll of enchant weapon {unknown}
 j - 2 scrolls of remove curse {unknown}
 k - 2 scrolls of identify {unknown}
Potions
 d - 2 potions of might
 e - a potion of magic {unknown}
 n - a potion of heal wounds
Comestibles
 f - 4 rations


   Skills:
 + Level 3.2 Fighting
 + Level 3.1 Axes
 + Level 3.6 Armour
 + Level 0.2 Dodging
 + Level 3.5 Shields


You had 3 spell levels left.
You didn't know any spells.
Your spell library was empty.

Dungeon Overview and Level Annotations

Branches:
Dungeon (3/15)

Altars:

Annotations:
D:2 Natasha
D:3 1 runed translucent door, luab's ghost, amateur GnSk


Message History

Natasha drinks a potion.
Natasha is healed!
Natasha claws you.
You slash Natasha!
Natasha is heavily wounded.
Natasha casts a spell at you. The magic dart hits you. Natasha claws you!
You completely miss Natasha.
Natasha is heavily wounded.
Natasha claws you. x2
You closely miss Natasha.
Natasha is heavily wounded.
Natasha casts a spell.
Natasha drinks a potion.
Natasha is healed!
You block Natasha's attack. Natasha casts a spell at you.
The magic dart hits you.
* * * LOW HITPOINT WARNING * * *
You block Natasha's attack. The shadow imp gestures at you.
Pain shoots through your body!
You die...

.....'..........>#.#..#####..#
.....#######....##.#.........#
.....# #....##.#.#######.#
.....# #.#####.#.........#
###### #.#.....###########
#.'.....+ ## ###.....# ## .#
#.h5..# .. .# ###@###.# .#
######.....# .# #.......####
.# #####.......# .#
#...........# ##
#...........####
#..........)...#
#..............#
#####........(.#


You could see Natasha and a shadow imp.

Vanquished Creatures
  Natasha (D:2)
  A worker ant (D:2)
  2 dart slugs
  3 leopard geckos
  2 goblins
  4 hobgoblins
  2 kobolds
  A quokka (D:2)
  5 bats
  2 frilled lizards
  3 rats
26 creatures vanquished.

Notes
Turn   | Place    | Note
-------+----------+-------------------------------------------
     0 | D:1      | Marnok the Human Fighter began the quest for the Orb.
     0 | D:1      | Reached XP level 1. HP: 18/18 MP: 1/1
   112 | D:2      | Reached XP level 2. HP: 21/24 MP: 2/2
   174 | D:3      | Found a runed translucent door.
   174 | D:3      | Noticed luab's ghost (amateur GnSk)
   421 | D:2      | Reached XP level 3. HP: 13/29 MP: 3/3
   945 | D:1      | Reached XP level 4. HP: 33/35 MP: 4/4
  1147 | D:2      | Noticed Natasha
  1159 | D:2      | Killed Natasha
  1518 | D:2      | Noticed Natasha
  1530 | D:2      | Killed from afar by a shadow imp

Skill      XL: |  1  2  3  4 |
---------------+-------------+-----
Axes           | 3 |  3.1
Fighting       | |  3.2
Armour         | |  3.6
Dodging        | |  0.2
Shields        | |  3.5

Action                   |  1- 3 |  4- 6 || total
-------------------------+-------+-------++-------
Melee: War axe           |    74 |    41 ||   115
  Eat: Chunk             |       |     2 ||     2
Armor: Scale mail        |    48 |     9 ||    57
Dodge: Dodged            |    25 |    14 ||    39
Block: Shield            |    63 |    17 ||    80
